 Dungeon Crawl Stone Soup version 0.22-a0-443-g17c3723 (webtiles) character file.

2261 emperorscorpion the Thaumaturge (level 9, 0/48 HPs)
             Began as a Deep Elf Fire Elementalist on June 1, 2018.
             Was a Believer of Nemelex Xobeh.
             Slain by Duvessa
             ... wielding a +4 short sword of protection
              (7 damage)
             ... on level 6 of the Dungeon.
             The game lasted 00:20:45 (8020 turns).

emperorscorpion the Thaumaturge (DEFE)              Turns: 8020, Time: 00:20:46

Health: 0/48       AC:  3    Str:  5    XL:     9   Next: 15%
Magic:  15/23      EV: 15    Int: 24    God:    Nemelex Xobeh [**....]
Gold:   563        SH:  0    Dex: 15    Spells: 8/25 levels left

rFire    + . .     SeeInvis .   b - +0 shortbow (flame)
rCold    x . .     Gourm    .   (shield currently unavailable)
rNeg     . . .     Faith    .   J - +1 robe
rPois    .         Spirit   .   (no helmet)
rElec    .         Reflect  .   (no cloak)
rCorr    .         Harm     .   (no gloves)
MR       .....                  (no boots)
Stlth    +++.......             (no amulet)
HPRegen  0.16/turn              y - ring of fire
MPRegen  0.18/turn              M - +1 ring of evasion

@: no status effects
A: no striking features
a: Renounce Religion


You were on level 6 of the Dungeon.
You worshipped Nemelex Xobeh.
Nemelex Xobeh was pleased with you.
You were not hungry.

You visited 1 branch of the dungeon, and saw 6 of its levels.
You also visited: Ossuary.

You collected 629 gold pieces.
You spent 66 gold pieces at shops.

Inventory:

Hand Weapons
 a - a +1 short sword of electrocution
 b - a +0 shortbow of flaming (weapon)
 f - a +1 spear
 l - a +2 vampiric whip
 q - a +0 hunting sling
 x - a +0 dagger
Missiles
 e - 185 stones
 j - 11 poisoned needles
 s - 23 sling bullets
 t - 148 arrows (quivered)
 w - 5 throwing nets
 A - 22 bolts
Armour
 J - a +1 robe (worn)
Jewellery
 y - a ring of fire (left hand)
 M - a +1 ring of evasion (right hand)
Wands
 z - a wand of flame (16)
 C - a wand of scattershot (1)
 K - a wand of random effects (19)
Scrolls
 d - 3 scrolls of amnesia
 k - 4 scrolls of remove curse
 m - 2 scrolls of teleportation
 n - 2 scrolls of fog
 o - 2 scrolls of blinking
 p - 2 scrolls of magic mapping
 F - 3 scrolls of enchant weapon
 L - a scroll of immolation
 N - a scroll of identify
Potions
 g - 2 potions of ambrosia
 h - 2 potions of curing
 i - a potion of berserk rage
 u - 2 potions of flight
 v - a potion of agility {unknown}
 B - 4 potions of lignification {unknown}
 D - 5 potions of haste
 E - 2 potions of might {unknown}
 G - a potion of resistance {unknown}
 H - 2 potions of heal wounds {unknown}
Miscellaneous
 r - a plain deck of escape {drawn: 4}
 O - an ornate deck of destruction {drawn: 1}
Comestibles
 c - 13 rations
 I - 10 chunks of flesh


   Skills:
 + Level 1.7 Fighting
 + Level 0.1 Short Blades
 + Level 1.3 Polearms
 + Level 4.2 Bows
 + Level 1.3 Throwing
 + Level 4.1 Dodging
 - Level 3.7 Stealth
 * Level 8.8 Spellcasting
 * Level 5.9 Conjurations
 * Level 7.1 Fire Magic
 + Level 0.5 Evocations


You had 8 spell levels left.
You knew the following spells:

 Your Spells              Type           Power        Failure   Level  Hunger
a - Flame Tongue          Conj/Fire      #####        1%          1    None
b - Conjure Flame         Conj/Fire      ######..     1%          3    None
c - Sticky Flame          Conj/Fire      ######..     4%          4    ##.....
d - Fireball              Conj/Fire      ######....   11%         5    ####...
e - Force Lance           Conj/Tloc      ###.....     17%         4    ##.....

Your spell library contained the following spells:

 Spells                   Type           Power        Failure   Level  Hunger
 Magic Dart               Conj           ####         1%          1    None
 Apportation              Tloc           ##....       6%          1    None
 Throw Flame              Conj/Fire      ######       1%          2    None
 Summon Small Mammal      Summ           ##..         6%          1    None
 Iskenderun's Mystic Bla  Conj           #####...     4%          4    ##.....
 Animate Skeleton         Necr           N/A          6%          1    None
 Confusing Touch          Hex            ##....       6%          1    None
 Inner Flame              Hex/Fire       #####...     4%          3    None
 Fulminant Prism          Conj/Hex       ###.......   17%         4    ##.....
 Dazzling Spray           Conj/Hex       ###...       5%          3    None
 Searing Ray              Conj           #####.       1%          2    None


Dungeon Overview and Level Annotations

Branches:
Dungeon (6/15)             Temple (0/1) D:5

Altars:
Cheibriados
Kikubaaqudgha
Nemelex Xobeh
Wu Jian
The Shining One

Shops:
D:5 ?

Annotations:
D:6 Duvessa


Message History

Casting: Fireball (slightly dangerous; 11% risk of failure)
Confirm with . or Enter, or press ? or * to list all spells.
Aiming: Sticky Flame (safe; 4% risk of failure)
Press: ? - help, Shift-Dir - straight line, f - Duvessa, p - bullfrog skeleton
Aim: Duvessa, wielding a short sword of protection and wearing a chain mail (heavily wounded, berserk, fast, unusually strong)
You feel a surge of power!
The sticky flame hits Duvessa.
Duvessa appears unharmed.
Duvessa is heavily wounded.
Duvessa is covered in liquid flames!
Duvessa burns!
Duvessa hits you with a short sword of protection!!
* * * LOW HITPOINT WARNING * * *
The bullfrog skeleton hits you.
* * * LOW HITPOINT WARNING * * *
Duvessa misses you.
Evoke which item? (* to show all) (? for menu, Esc to quit)
You draw a card...
It is the Tomb.
Walls emerge from the floor!
Duvessa burns!
The bullfrog skeleton misses you.
Duvessa hits you with a short sword of protection!
You die...
Your body disappears without a glow.

.#
###.#.#...........
......#.##.#######
#.....##.#
###........#
........###########
#######.# .......
#.# ##.......
#.###Z.......
#..#@e..####.
#.#####.# #.# #.#.#
#.# #.. . ..#
#..#.) ### #... ..
#..##... ... #...#


You could see Duvessa (berserk) and a bullfrog skeleton.

Vanquished Creatures
  Pikel (D:6)
  Sigmund (D:6)
  3 slaves (D:6)
  An ogre (D:3)
  A phantom (D:6)
  3 centaurs (D:5)
  Dowan (D:6)
  2 howler monkeys
  A crimson imp (D:5)
  5 orc priests
  2 gnoll shamans
  Ijyb (D:4)
  3 orc wizards
  2 worker ants (D:5)
  8 mummies (Ossuary)
  8 adders
  36 gnolls
  A shadow imp (D:5)
  4 worms
  2 dart slugs (D:1)
  8 leopard geckos
  15 orcs
  A ball python (D:3)
  10 giant cockroaches
  2 gnoll zombies (Ossuary)
  8 goblins
  7 hobgoblins
  27 jackals
  11 kobolds
  3 quokkas
  8 bats
  5 frilled lizards
  2 hobgoblin zombies (Ossuary)
  A jackal skeleton (D:5)
  3 kobold zombies (Ossuary)
  An orc zombie (Ossuary)
  A quokka skeleton (D:4)
  A quokka zombie (D:6)
  6 rats
206 creatures vanquished.

Notes
Turn   | Place    | Note
-------+----------+-------------------------------------------
     0 | D:1      | emperorscorpion the Deep Elf Fire Elementalist began the quest for the Orb.
     0 | D:1      | Reached XP level 1. HP: 10/10 MP: 6/6
     3 | D:1      | Noticed an electric eel
     3 | D:1      | Noticed an electric eel
   181 | D:1      | Reached XP level 2. HP: 15/15 MP: 5/8
   668 | D:1      | Reached XP level 3. HP: 18/19 MP: 7/10
  1397 | D:2      | Reached skill level 4 in Spellcasting
  1402 | D:2      | Reached XP level 4. HP: 23/24 MP: 2/12
  1408 | D:2      | Learned a level 4 spell: Sticky Flame
  1412 | D:2      | Learned a level 3 spell: Conjure Flame
  1778 | D:2      | Found a sparkling altar of Nemelex Xobeh.
  1782 | D:2      | Became a worshipper of Nemelex Xobeh the Trickster
  1968 | D:2      | Found an ancient bone altar of Kikubaaqudgha.
  1983 | D:2      | Received a gift from Nemelex Xobeh
  2540 | D:3      | Reached XP level 5. HP: 28/28 MP: 11/14
  2704 | D:3      | Reached skill level 5 in Spellcasting
  2785 | D:3      | Found a faded altar of an unknown god.
  2971 | D:3      | Learned a level 5 spell: Fireball
  3137 | D:3      | Reached XP level 6. HP: 30/32 MP: 4/16
  3308 | D:3      | Reached * piety under Nemelex Xobeh
  3323 | D:3      | Reached skill level 6 in Spellcasting
  3323 | D:3      | Reached skill level 5 in Fire Magic
  4147 | D:3      | Reached XP level 7. HP: 36/36 MP: 14/18
  4841 | D:4      | Noticed Ijyb
  4870 | D:4      | Found an ornate altar of the Wu Jian Council.
  4870 | D:4      | Killed Ijyb
  5079 | D:4      | Reached skill level 1 in Throwing
  5080 | D:4      | Reached skill level 7 in Spellcasting
  5612 | D:5      | Entered Level 5 of the Dungeon
  5700 | D:5      | Found a staircase to the Ecumenical Temple.
  5788 | D:5      | Learned a level 4 spell: Force Lance
  5919 | D:5      | Found a sand-covered staircase.
  5932 | D:5      | Reached XP level 8. HP: 11/42 MP: 1/21
  5945 | D:5      | Reached skill level 1 in Fighting
  6198 | Ossuary  | Entered an ossuary
  6272 | Ossuary  | Reached skill level 1 in Polearms
  6529 | D:5      | Reached skill level 1 in Bows
  6746 | D:5      | Found a sparkling altar of Nemelex Xobeh.
  6746 | D:5      | Found a glowing golden altar of the Shining One.
  6755 | D:5      | Found a snail-covered altar of Cheibriados.
  7043 | D:5      | Reached skill level 5 in Conjurations
  7235 | D:5      | Found Tifyisma's Magic Scroll Boutique.
  7262 | D:5      | Bought a scroll of identify for 24 gold pieces
  7262 | D:5      | Bought a scroll of immolation for 42 gold pieces
  7526 | D:6      | Noticed Sigmund
  7536 | D:6      | Killed Sigmund
  7536 | D:6      | Reached skill level 8 in Spellcasting
  7645 | D:6      | Noticed Pikel
  7696 | D:6      | Killed Pikel
  7696 | D:6      | Reached XP level 9. HP: 44/47 MP: 0/23
  8006 | D:6      | Reached ** piety under Nemelex Xobeh
  8006 | D:6      | Received a gift from Nemelex Xobeh
  8012 | D:6      | Noticed Duvessa
  8013 | D:6      | Noticed Dowan
  8014 | D:6      | Killed Dowan
  8020 | D:6      | Slain by Duvessa

Vault maps used:
D:1:      arrival_aquarium_b
D:2:      nicolae_overflow_crystal_walls, nemelex_lonely_heart_becter
D:3:      lemuel_castle_with_subvaults, first_ration,
          chequers_ecumenical_altar_island
D:4:      overflow_temple_1_default, uniq_ijyb
D:5:      grunt_temple_overflow_open, minmay_temple_entry_butterflies,
          nicolae_ossuary_entry_ruins, serial_shops, nicolae_shop_statue_plus
D:6:      uniq_pikel, uniq_sigmund, uniq_duvessa
Ossuary:  ossuary_tomb_3

Skill      XL: |  1  2  3  4  5  6  7  8  9 |
---------------+----------------------------+-----
Fire Magic     | 4 5 6 7 |  7.1
Stealth        | 3 |  3.7
Spellcasting   | 4 5 6 7 8 |  8.8
Dodging        | 3 4 |  4.1
Conjurations   | 2 3 4 5 |  5.9
Throwing       | 1 |  1.3
Fighting       | 1 |  1.7
Polearms       | 1 |  1.3
Bows           | 4 |  4.2
Short Blades   | |  0.1
Evocations     | |  0.5

Action                   |  1- 3 |  4- 6 |  7- 9 || total
-------------------------+-------+-------+-------++-------
Melee: Dagger            |     5 |    12 |       ||    17
       Spear             |       |       |    64 ||    64
 Fire: Shortbow          |       |       |    55 ||    55
Throw: Stone             |     1 |     2 |     3 ||     6
 Cast: Flame Tongue      |    74 |   145 |    58 ||   277
       Sticky Flame      |       |     2 |    11 ||    13
       Fireball          |       |       |    24 ||    24
       Conjure Flame     |       |       |     1 ||     1
Evoke: Wand              |       |       |     7 ||     7
       Deck              |       |       |     5 ||     5
  Use: Scroll            |     1 |       |    11 ||    12
       Potion            |       |       |     1 ||     1
 Stab: Sleeping          |       |     1 |       ||     1
  Eat: Chunk             |     1 |     9 |    16 ||    26
       Ration            |       |       |     1 ||     1
Armor: Robe              |     8 |     8 |    14 ||    30
Dodge: Dodged            |    34 |    52 |    90 ||   176

Table legend:
 A = Spawn XP
 B = Non-spawn XP
 C = Spawn XP percentage of total XP
 D = Spawn monster count
 E = Non-spawn monster count
 F = Spawn count percentage of total count
 G = Total turns spent on level
                    A         B        C        D         E        F      G
               +---------+---------+-------+---------+---------+-------+---------
         Total |       0 |    3230 |   0.0 |       0 |     203 |   0.0 |  8020
               +---------+---------+-------+---------+---------+-------+---------
           D:1 |       0 |      60 |   0.0 |       0 |      34 |   0.0 |  1234
           D:2 |       0 |      96 |   0.0 |       0 |      27 |   0.0 |   904
           D:3 |       0 |     711 |   0.0 |       0 |      70 |   0.0 |  2764
           D:4 |       0 |     267 |   0.0 |       0 |      20 |   0.0 |   922
           D:5 |       0 |     730 |   0.0 |       0 |      21 |   0.0 |  1398
           D:6 |       0 |    1214 |   0.0 |       0 |      15 |   0.0 |   495
       Ossuary |       0 |     152 |   0.0 |       0 |      16 |   0.0 |   303
               +---------+---------+-------+---------+---------+-------+---------
